 Dungeon Crawl Stone Soup version 0.22-a0-136-g83a10e5 (webtiles) character file.

172313 emikaela the Impaler (level 17, -8/216 HPs)
             Began as a Merfolk Chaos Knight on Jan 30, 2018.
             Was a High Priest of Trog.
             Killed from afar by Louise (11 damage)
             ... with a bolt of lightning
             ... on level 4 of the Spider Nest on Feb 3, 2018.
             The game lasted 01:59:56 (34690 turns).

emikaela the Impaler (Merfolk Chaos Knight)        Turns: 34690, Time: 01:59:57

Health: -8/216     AC: 32    Str: 21      XL:     17   Next: 74%
Magic:  0/5        EV: 18    Int: 13      God:    Trog [*****.]
Gold:   1707       SH:  0    Dex: 16 (17) Spells: 16/16 levels left

rFire    + . .     SeeInvis +   F - +7 bardiche (antimagic)
rCold    . . .     Gourm    .   (shield currently unavailable)
rNeg     . . .     Faith    .   D - +11 chain mail of Gaorucuh {Dex+2}
rPois    .         Spirit   +   d - +1 helmet
rElec    .         Reflect  .   s - +1 cloak
rCorr    .         Harm     .   v - +2 pair of gloves
MR       +++..                  b - +0 pair of boots
Stlth    ..........             q - amulet of guardian spirit
HPRegen  1.46/turn              U - ring of see invisible
MPRegen  0.09/turn              J - ring of protection from fire

@: berserking (expiring), lethally poisoned (-8 -> -14), very slightly
contaminated, regenerating, invisible, very quick
A: change form in water, swift swim, stealthy swim, repulsion field 1
}: 1/15 runes: gossamer
a: Berserk, Trog's Hand, Brothers in Arms, Burn Spellbooks, Renounce Religion


You were on level 4 of the Spider Nest.
You worshipped Trog.
Trog was extremely pleased with you.
You were hungry.

You visited 4 branches of the dungeon, and saw 27 of its levels.
You visited the Abyss 1 time.
You also visited: Ice Cave.

You collected 3533 gold pieces.
You spent 1826 gold pieces at shops.

Inventory:

Hand Weapons
 a - the +7 glaive of Fuafuedgh {distort, rC+ Str+4}
   (You bought it in a shop on level 2 of the Orcish Mines)

   It warps and distorts space around it.
   Unwielding it can cause banishment or high damage.
   It affects your strength (+4).
   It protects you from cold.
 F - a +7 antimagic bardiche (weapon)
Missiles
 j - 17 javelins
 o - 8 javelins of penetration
 t - a tomahawk (quivered)
 x - 2 silver javelins
 G - 4 poisoned javelins
 M - 11 javelins of returning
Armour
 b - a +0 pair of boots (worn)
 d - a +1 helmet (worn)
 s - a +1 cloak (worn)
 v - a +2 pair of gloves (worn)
 D - the +11 chain mail of Gaorucuh (worn) {Dex+2}
   (You bought it in a shop on level 2 of the Orcish Mines)

   It affects your dexterity (+2).
Jewellery
 q - an amulet of guardian spirit (around neck)
 w - an uncursed ring of protection from cold
 y - an uncursed ring of resist corrosion
 E - an uncursed ring of fire
 J - a ring of protection from fire (right hand)
 O - an uncursed ring of flight
 T - a +3 ring of dexterity
 U - a ring of see invisible (left hand)
Wands
 A - a wand of acid (21)
 B - a wand of iceblast (19)
 C - a wand of clouds (5)
 H - a wand of scattershot (6)
 P - a wand of paralysis (17)
 Y - a wand of polymorph (9)
Scrolls
 c - 10 scrolls of remove curse
 f - 5 scrolls of fear
 g - 3 scrolls of fog
 h - a scroll of holy word
 i - 4 scrolls of identify
 l - 3 scrolls of blinking
 m - 4 scrolls of magic mapping
 n - a scroll of silence {!r}
 p - 15 scrolls of teleportation
 u - 2 scrolls of summoning
 S - 2 scrolls of enchant weapon
Potions
 e - 8 potions of agility
 k - 15 potions of curing
 z - 7 potions of flight
 I - 8 potions of haste
 L - 6 potions of ambrosia
 N - a potion of invisibility
 Q - 4 potions of heal wounds
 R - 3 potions of mutation {!q}
 V - 2 potions of might
 W - 3 potions of cancellation
 Z - 4 potions of berserk rage {!q}
Books
 X - a book of Power
Miscellaneous
 K - 2 sacks of spiders
Comestibles
 r - 52 rations


   Skills:
 - Level 16.0 Fighting
 + Level 20.1 Polearms
 - Level 16.0 Throwing
 - Level 10.0 Armour
 + Level 14.2 Dodging


You had 16 spell levels left.
You didn't know any spells.

Dungeon Overview and Level Annotations

Branches:
Dungeon (15/15)            Temple (0/1) D:7            Lair (6/6) D:10
 Shoals (0/4) Lair:4       Spider (4/4) Lair:3        Slime (0/5) Lair:5
    Orc (2/2) D:10            Elf (0/3) Orc:2        Vaults (0/5) D:14
 Depths (0/5) D:15

Altars:
Elyvilon
Gozag
Nemelex Xobeh
Okawaru
Ru
Trog
Uskayaw
Vehumet
The Shining One
Beogh

Shops:
D:11 !%?(   D:12 }   Orc:2 [([(

Annotations:
Lair:5 exclusion: 3 oklob plants
Spider:4 Louise
Abyss:1 Azrael, Fannar


Innate Abilities, Weirdness & Mutations

You revert to your normal form in water.
You are very nimble and swift while swimming.
You are very stealthy in the water. (Stealth+)
You are surrounded by a mild repulsion field. (EV +2)


Message History

Unknown command.
You slash the spark wasp!
The spark wasp's magic leaks into the air.
The spark wasp is heavily wounded.
* * * LOW HITPOINT WARNING * * *
You feel sick. The spark wasp misses you.
You strike the helpless spark wasp from behind!
You chop the spark wasp into pieces!!!
You feel the power of Trog in you as your rage grows.
You kill the spark wasp!
Trog accepts your kill.
* * * LOW HITPOINT WARNING * * *
You feel sick. Louise blocks your attack.
* * * LOW HITPOINT WARNING * * *
You feel sick. Louise casts a spell at you. The bolt of lightning hits you!
You die...
Xom titters!

##........≈.##^.......##
#..........##.........^
###..≈≈.#..≈#..........
##...##.(.......^...) ..#
#######.(.........^.
...### ###.(.(.....##.#.
.....#≈##................
........≈@≈..............
..^.....@†≈..............
..........#....#.........
........(......#.........
......^(..(....#.........
.()............#....†....
#......#..(...#.........
........#.....##.........
........#.....#...#......
........#.....#...#......


You could see Louise.

Vanquished Creatures
  Gastronok (D:9)
  4 ghost moths (Spider:4)
  An orc warlord (Orc:2)
  4 emperor scorpions (Spider:4)
  A very ugly thing (D:15)
  An entropy weaver (Spider:1)
  The ghost of ThereIsNoGod the Grappler, a journeyman TrMo of Cheibriados (D:12)
  A spark wasp (Spider:4)
  2 fire dragons
  Snorg (D:14)
  Josephine (D:14)
  5 hydras
  A vault guard (D:14)
  13 two-headed ogres
  An ogre mage (D:15)
  2 catoblepae
  3 tengu warriors
  Erica (D:9)
  7 death yaks
  A vampire mage (D:15)
  An orc high priest (Orc:2)
  2 skeletal warriors (D:15)
  An unseen horror (D:10)
  A lindwurm (Lair:6)
  A deep elf mage (D:12)
  A wolf spider zombie (D:15)
  A necromancer (D:15)
  An orc knight (Orc:2)
  24 wolf spiders
  2 orc sorcerers (Orc:2)
  14 orb spiders
  9 ugly things
  2 oklob plants
  3 manticores
  5 cyclopes
  A fire giant zombie (D:15)
  Joseph (D:9)
  A fire giant skeleton (D:15)
  6 black mambas
  6 elephants (Lair:6)
  An ice statue (IceCv)
  2 gargoyles
  9 spiny frogs
  6 torpor snails (Lair:6)
  12 demonic crawlers
  9 komodo dragons
  A rime drake (Lair:6)
  2 tengu conjurers
  34 jumping spiders
  4 tyrant leeches (Lair:6)
  A troll (shapeshifter) (D:15)
  13 trolls
  14 hornets
  A polar bear (Lair:4)
  3 meliai (D:13)
  A raiju (Abyss:3)
  Grinder (D:5)
  15 blink frogs
  12 hippogriffs
  14 dream sheep
  A vampire (D:12)
  A centaur simulacrum (D:15)
  47 redbacks
  A spriggan (Lair:4)
  20 tarantellas
  6 wyverns
  A spriggan skeleton (D:15)
  6 wraiths
  A water elemental (D:14)
  A human (shapeshifter) (D:15)
  A human (D:9)
  45 yaks
  2 fire elementals (D:12)
  3 basilisks
  A small abomination (Abyss:3)
  4 hogs (D:9)
  2 vampire mosquitoes (D:15)
  2 steam dragons
  4 hungry ghosts
  4 wargs
  A tengu zombie (D:15)
  3 acid dragons
  4 hell hounds
  6 porcupines
  6 water moccasins
  44 orc warriors
  3 black bears
  3 phantoms
  A swamp drake (D:10)
  12 ice beasts
  An ice beast (shapeshifter) (D:8)
  2 sky beasts
  13 ogres
  A hornet zombie (D:15)
  47 wolves
  3 eyes of draining
  A boggart (D:4)
  10 centaurs
  10 crocodiles
  A big kobold (D:8)
  13 bullfrogs
  A wyvern zombie (D:9)
  A wyvern skeleton (D:8)
  5 scorpions
  13 killer bees
  5 electric eels
  5 crimson imps
  3 centaur zombies
  A bullfrog zombie (D:7)
  A jelly (D:15)
  5 hounds
  26 orc priests
  2 quasits
  3 bullfrog skeletons
  3 centaur skeletons
  A gnoll shaman (D:5)
  29 orc wizards
  Crazy Yiuf (D:4)
  7 iguanas
  9 worker ants
  A hound zombie (D:6)
  A hound skeleton (D:6)
  A worker ant zombie (D:9)
  A howler monkey zombie (D:8)
  16 gnolls
  24 adders
  2 shadow imps
  2 oozes
  2 adder skeletons
  3 adder zombies
  5 worms
  4 dart slugs
  5 leopard geckos
  120 orcs
  A ball python (D:5)
  8 bats
  4 giant cockroaches
  8 goblins
  4 hobgoblins
  9 jackals
  12 kobolds
  5 quokkas
  7 frilled lizards
  A leopard gecko skeleton (D:6)
  A leopard gecko zombie (D:7)
  A quokka skeleton (D:4)
  A quokka zombie (D:7)
  7 rats
1005 creatures vanquished.

Vanquished Creatures (collateral kills)
  2 orc warriors (Orc:2)
  4 orcs (Orc:2)
6 creatures vanquished.

Vanquished Creatures (others)
  2 emperor scorpions (Spider:4)
  A rakshasa (D:15)
  A death knight (D:14)
  2 wolf spiders (Spider:2)
  An ugly thing (D:13)
  A wizard (D:4)
  An ice statue (IceCv)
  5 demonic crawlers
  A jumping spider (Spider:1)
  2 redbacks
  A tarantella (Spider:2)
  6 bushes (Lair:6)
  16 fungi
  33 plants
  8 starspawn tentacles (Abyss:3)
81 creatures vanquished.

Grand Total: 1092 creatures vanquished

Notes
Turn   | Place    | Note
-------+----------+-------------------------------------------
     0 | D:1      | emikaela the Merfolk Chaos Knight began the quest for the Orb.
     0 | D:1      | Reached XP level 1. HP: 18/18 MP: 1/1
    38 | D:1      | Reached XP level 2. HP: 22/24 MP: 2/2
    61 | D:1      | Reached skill level 5 in Polearms
   205 | D:1      | Reached XP level 3. HP: 29/29 MP: 3/3
   419 | D:1      | XOM: silly message
   833 | D:1      | XOM: noise
  1176 | D:2      | XOM: summons 1 hostile demon
  1201 | D:2      | Reached XP level 4. HP: 34/37 MP: 4/4
  1283 | D:2      | Reached skill level 6 in Polearms
  1357 | D:2      | XOM: give mutation
  1357 | D:2      | Gained mutation: You are surrounded by a mild repulsion field. (EV +2) [Xom's grace]
  1470 | D:3      | XOM: polymorph something unseen -> goblin
  1606 | D:3      | XOM: potion effect (curing)
  1611 | D:3      | Reached XP level 5. HP: 25/42 MP: 5/5
  2023 | D:3      | Reached skill level 7 in Polearms
  2030 | D:3      | XOM: potion effect (brilliance)
  2031 | D:3      | XOM: potion effect (agility)
  2036 | D:3      | Reached XP level 6. HP: 46/49 MP: 6/6
  2493 | D:3      | XOM: silly message
  2670 | D:3      | XOM: divination: detect items
  2750 | D:4      | XOM: divination: detect items
  2755 | D:4      | Reached skill level 8 in Polearms
  2755 | D:4      | Reached skill level 5 in Dodging
  2809 | D:4      | XOM: torment (26/50 hp)
  2864 | D:4      | XOM: polymorph orc wizard -> boggart
  2868 | D:4      | XOM: noise
  2873 | D:4      | Reached skill level 5 in Fighting
  2873 | D:4      | Reached XP level 7. HP: 50/56 MP: 7/7
  2890 | D:4      | XOM: enchant monster (bad)
  3170 | D:4      | XOM: medium Conj miscast
  3426 | D:4      | Found a runed door.
  3523 | D:4      | Reached skill level 9 in Polearms
  3636 | D:4      | XOM: harmless Conj miscast
  3782 | D:4      | Found a bloodstained altar of Trog.
  3783 | D:4      | Noticed a wizard
  3789 | D:4      | Killed a wizard
  3938 | D:4      | Noticed Crazy Yiuf
  3945 | D:4      | Killed Crazy Yiuf
  3996 | D:4      | XOM: medium Air miscast
  4033 | D:4      | Fell from the grace of Xom
  4033 | D:4      | Became a worshipper of Trog the Wrathful
  4052 | D:5      | Entered Level 5 of the Dungeon
  4093 | D:5      | Reached skill level 10 in Polearms
  4093 | D:5      | Reached XP level 8. HP: 54/64 MP: 8/8
  4438 | D:5      | Noticed Grinder
  4453 | D:5      | Killed Grinder
  4453 | D:5      | Reached skill level 11 in Polearms
  4490 | D:5      | XOM: summons 1 hostile shadow creature
  4541 | D:5      | Reached * piety under Trog
  4916 | D:5      | Reached XP level 9. HP: 58/71 MP: 9/9
  4964 | D:5      | XOM: summons 1 hostile demon
  5158 | D:6      | Found an opulent altar of Gozag.
  5158 | D:6      | Found a white marble altar of Elyvilon.
  5242 | D:6      | Reached skill level 12 in Polearms
  5324 | D:6      | XOM: polymorph orc -> gnoll
  5343 | D:6      | Reached ** piety under Trog
  5974 | D:6      | XOM: mild Hex miscast
  6001 | D:6      | Reached skill level 13 in Polearms
  6080 | D:6      | XOM: noise
  6251 | D:7      | Found a sparkling altar of Nemelex Xobeh.
  6597 | D:7      | Reached skill level 1 in Armour
  6621 | D:7      | Reached *** piety under Trog
  6657 | D:7      | Found a bloodstained altar of Trog.
  6679 | D:7      | Reached XP level 10. HP: 42/80 MP: 5/10
  6743 | D:7      | XOM: cloud trail
  6940 | D:7      | Found a staircase to the Ecumenical Temple.
  7068 | D:7      | XOM: mild Chrm miscast
  7070 | D:7      | Found a hide-covered altar of Uskayaw.
  7115 | D:7      | XOM: noise
  7241 | D:8      | Noticed a two-headed ogre
  7252 | D:8      | Killed a two-headed ogre
  7252 | D:8      | Reached skill level 14 in Polearms
  7361 | D:8      | XOM: medium Erth miscast
  7432 | D:8      | XOM: 3-stop teleportation journey
  7433 | D:8      | Noticed a two-headed ogre
  7449 | D:8      | Killed a two-headed ogre
  7449 | D:8      | Reached skill level 10 in Dodging
  7626 | D:8      | XOM: noise
  7731 | D:8      | Found a sparkling altar of Nemelex Xobeh.
  8190 | D:8      | Noticed a two-headed ogre
  8196 | D:8      | Noticed a two-headed ogre
  8205 | D:8      | Killed a two-headed ogre
  8229 | D:8      | Killed a two-headed ogre
  8229 | D:8      | Reached skill level 1 in Throwing
  8229 | D:8      | Reached XP level 11. HP: 90/90 MP: 11/11
  8260 | D:8      | Found a radiant altar of Vehumet.
  8264 | D:8      | XOM: polymorph giant cockroach -> dart slug
  8308 | D:8      | XOM: medium Fire miscast
  8497 | D:9      | Noticed Gastronok
  8527 | D:9      | Noticed Erica
  8537 | D:9      | Killed Erica
  8756 | D:9      | XOM: mild Air miscast
  8843 | D:9      | Reached skill level 10 in Fighting
  8876 | D:9      | Noticed a death yak
  8978 | D:9      | XOM: harmless Conj miscast
  9022 | D:9      | Killed a death yak
  9024 | D:9      | Reached **** piety under Trog
  9116 | D:9      | XOM: divination: detect creatures
  9190 | D:9      | Noticed Joseph
  9227 | D:9      | Killed Joseph
  9231 | D:9      | XOM: harmless Erth miscast
  9405 | D:9      | XOM: noise
  9407 | D:9      | Noticed a two-headed ogre
  9421 | D:9      | Killed a two-headed ogre
  9427 | D:9      | Reached skill level 5 in Armour
  9540 | D:9      | Killed Gastronok
  9540 | D:9      | Reached skill level 5 in Throwing
  9883 | D:9      | Found an iron altar of Okawaru.
  9903 | D:9      | Reached XP level 12. HP: 85/100 MP: 10/12
  9907 | D:9      | Received a gift from Trog
  9983 | D:9      | XOM: noise
 10031 | D:9      | Found a sacrificial altar of Ru.
 10099 | D:9      | XOM: noise
 10283 | D:9      | XOM: noise
 10334 | D:10     | Entered Level 10 of the Dungeon
 10335 | D:10     | Found a staircase to the Orcish Mines.
 10498 | D:10     | Noticed a two-headed ogre
 10505 | D:10     | Killed a two-headed ogre
 10651 | D:10     | Found a staircase to the Lair.
 10761 | D:10     | XOM: noise
 10761 | D:10     | Was forgiven by Xom
 11083 | D:10     | Noticed a two-headed ogre
 11101 | D:10     | Killed a two-headed ogre
 11101 | D:10     | Reached skill level 15 in Polearms
 11971 | D:10     | Upgraded the game from 0.22-a0-126-g307c7c3 to 0.22-a0-136-g83a10e5
 11992 | Lair:1   | Entered Level 1 of the Lair of Beasts
 12390 | Lair:1   | Received a gift from Trog
 12971 | Lair:1   | Reached skill level 16 in Polearms
 13206 | Lair:2   | Noticed a seven-headed hydra
 13218 | Lair:2   | Killed a nine-headed hydra
 13227 | Lair:2   | Reached XP level 13. HP: 88/108 MP: 11/13
 13410 | Lair:2   | Reached ***** piety under Trog
 14138 | Lair:3   | Identified Sif Muna's Papyrus of Poisoning and Lightness
 14196 | Lair:3   | Found a hole to the Spider Nest.
 14259 | Lair:3   | Reached skill level 17 in Polearms
 15122 | Lair:4   | Received a gift from Trog
 15780 | Lair:4   | Found a staircase to the Shoals.
 15823 | Lair:4   | Got a slimy spear
 15824 | Lair:4   | Identified the cursed +0 spear of Resourcefulness {speed, *Drain +Blink Int+2 Dex+6} (You found it on level 4 of the Lair of Beasts)
 15986 | Lair:4   | Reached skill level 18 in Polearms
 16858 | Lair:5   | You fall through a shaft!
 16858 | Lair:6   | Entered Level 6 of the Lair of Beasts
 16875 | Lair:6   | Received a gift from Trog
 17310 | Lair:5   | Found a staircase to the Slime Pits.
 17758 | Lair:5   | Reached XP level 14. HP: 118/118 MP: 14/14
 17919 | Lair:6   | Received a gift from Trog
 18163 | Lair:6   | Reached skill level 19 in Polearms
 18436 | Lair:6   | Received a gift from Trog
 19079 | Lair:6   | Reached skill level 10 in Throwing
 19193 | Lair:6   | Reached skill level 20 in Polearms
 19815 | Lair:6   | Found a runed door.
 20218 | Lair:6   | Received a gift from Trog
 20731 | Lair:6   | Reached XP level 15. HP: 96/127 MP: 10/15
 21004 | Orc:1    | Entered Level 1 of the Orcish Mines
 21012 | Orc:1    | Received a gift from Trog
 21631 | Orc:1    | Received a gift from Trog
 21632 | Orc:1    | Got a jewelled glaive {god gift}
 21639 | Orc:1    | Identified the +4 glaive of Infinite Pain {chop, +Rage rPois Str+3 Dex+2} (Trog gifted it to you on level 1 of the Orcish Mines)
 21703 | Orc:2    | Entered Level 2 of the Orcish Mines
 21930 | Orc:2    | Found a staircase to the Elven Halls.
 22025 | Orc:1    | Reached skill level 15 in Fighting
 22425 | Orc:2    | Found a roughly hewn altar of Beogh.
 22547 | Orc:2    | Noticed an orc warlord
 22595 | Orc:2    | Killed an orc warlord
 22739 | Orc:2    | Found Vichigewn's Antique Armour Boutique.
 22741 | Orc:2    | Found a roughly hewn altar of Beogh.
 22745 | Orc:2    | Found Adytunud's Antique Weapon Shop.
 22904 | Orc:2    | Found a roughly hewn altar of Beogh.
 22988 | Orc:2    | Found a roughly hewn altar of Beogh.
 23049 | Orc:2    | Found Ollin's Antique Weapon Boutique.
 23175 | Orc:2    | Found a roughly hewn altar of Beogh.
 23194 | Orc:2    | Found Keryanez's Antique Armour Emporium.
 23337 | Orc:2    | Found a roughly hewn altar of Beogh.
 23535 | Orc:2    | Bought a fine glaive for 299 gold pieces
 23535 | Orc:2    | Identified the +7 glaive of Fuafuedgh {distort, rC+ Str+4} (You bought it in a shop on level 2 of the Orcish Mines)
 23543 | Orc:2    | Bought a pair of glowing gloves for 195 gold pieces
 23543 | Orc:2    | Bought a faintly humming chain mail for 247 gold pieces
 23543 | Orc:2    | Bought a polished scale mail for 234 gold pieces
 23543 | Orc:2    | Bought a pair of boots for 117 gold pieces
 23553 | Orc:2    | Identified the cursed +0 scale mail "Teesaal" {rPois Str+2} (You bought it in a shop on level 2 of the Orcish Mines)
 23581 | Orc:2    | Identified the +11 chain mail of Gaorucuh {Dex+2} (You bought it in a shop on level 2 of the Orcish Mines)
 23790 | D:11     | Received a gift from Trog
 24047 | D:11     | Found Tiahaont's Food Emporium.
 24078 | D:11     | Found Caizir's Distillery.
 24099 | D:11     | Bought 2 potions of flight for 66 gold pieces
 24099 | D:11     | Bought a potion of magic for 88 gold pieces
 24099 | D:11     | Bought a potion of heal wounds for 55 gold pieces
 24099 | D:11     | Bought a potion of haste for 110 gold pieces
 24099 | D:11     | Bought a potion of haste for 110 gold pieces
 24099 | D:11     | Bought a potion of haste for 110 gold pieces
 24117 | D:11     | Found Huvywutt's Magic Scroll Shoppe.
 24118 | D:11     | Found Astroaneu's Antique Weapon Boutique.
 24125 | D:11     | Bought a scroll of identify for 34 gold pieces
 24125 | D:11     | Bought a scroll of summoning for 161 gold pieces
 24744 | D:12     | Noticed Fannar
 24750 | D:12     | Noticed ThereIsNoGod's ghost (journeyman TrMo)
 24751 | D:12     | Banished Fannar
 24761 | D:12     | Killed ThereIsNoGod's ghost
 24845 | D:12     | Found Kuvech's Gadget Shoppe.
 24860 | D:12     | Noticed Azrael
 24881 | D:11     | Banished Azrael
 25344 | D:12     | Identified a scroll of acquirement
 25983 | D:13     | Received a gift from Trog
 26528 | D:14     | Received a gift from Trog
 26643 | D:14     | Found a glowing golden altar of the Shining One.
 26771 | D:14     | Noticed Snorg
 26778 | D:14     | Killed Snorg
 27056 | D:14     | Noticed Josephine
 27081 | D:14     | Killed Josephine
 27081 | D:14     | Received a gift from Trog
 27202 | D:14     | Found a gate to the Vaults.
 27250 | D:15     | Entered Level 15 of the Dungeon
 27344 | D:15     | Reached XP level 16. HP: 82/138 MP: 10/16
 27544 | D:15     | Found a frozen archway.
 27549 | D:15     | Reached ****** piety under Trog
 27621 | IceCv    | Entered an ice cave
 27626 | IceCv    | Received a gift from Trog
 27647 | IceCv    | Found a transporter.
 27906 | D:15     | Received a gift from Trog
 27906 | D:15     | Reached skill level 15 in Throwing
 28086 | D:15     | Found a staircase to the Depths.
 28142 | D:15     | Got a bloodstained spear
 28853 | Spider:1 | Entered Level 1 of the Spider Nest
 29244 | Spider:1 | Received a gift from Trog
 30634 | Spider:2 | Received a gift from Trog
 30845 | Spider:2 | Reached XP level 17. HP: 138/144 MP: 17/17
 32981 | Spider:4 | Entered Level 4 of the Spider Nest
 33214 | Spider:4 | Received a gift from Trog
 33214 | Spider:4 | Reached skill level 10 in Armour
 34334 | Spider:4 | Got a gossamer rune of Zot
 34491 | Spider:4 | Noticed Louise
 34511 | Spider:4 | Cast into level 3 of the Abyss (Louise)
 34574 | Abyss:3  | Noticed a tentacled starspawn
 34666 | Spider:4 | Escaped the Abyss
 34686 | Spider:4 | HP: 7/216 [Louise/eveningstar of protection (11)]
 34690 | Spider:4 | HP: 3/216 [poisoned by an emperor scorpion]
 34690 | Spider:4 | Killed from afar by Louise

Vault maps used:
D:1:      minmay_arrival_semitransparent
D:2:      minmay_close_crescents
D:3:      minivault_24, minmay_door_square, grunt_ministairs_5
D:4:      first_ration, trog_wizard, uniq_crazy_yiuf_cottage
D:5:      saegor_snake_ambush, uniq_grinder
D:6:      nicolae_overflow_hidden_temple, minmay_misc_feat_square
D:7:      overflow_temple_1_default, grunt_temple_overflow_open,
          minmay_temple_entry_statues_fountains
D:8:      old_standard_altar, nemelex_altar_shiori
D:9:      argonaut_augean_stables, lemuel_crystal_altar, grunt_livestock,
          lemuel_tele_altar, uniq_joseph, uniq_gastronok, uniq_erica
D:10:     erik_lair_dragon, orc_0_dummy, minivault_1, eino_jars
D:11:     serial_shops, shop, shop_statue, shop, nicolae_shop_statue_plus,
          minmay_misc_feat_iff
D:12:     serial_shops, nicolae_shop_temple_entry_statues_fountains,
          uniq_azrael, uniq_fannar
D:13:     special_room, hex_medium
D:14:     david_vaults_5, nicolae_two_hexagons, nicolae_tso_swordbearing_angel,
          uniq_josephine, uniq_snorg
D:15:     gammafunk_depths_entry_grave, portal_ice_cave_entry_pillars_2,
          minmay_misc_feat_secret_circle
Lair:1:   grunt_megastairs_1
Lair:2:   beast_lair_carwin_1
Lair:3:   spider_nest_entry_a
Lair:4:   elwin_shoals_entry_rooms, grunt_forest_large_clearings,
          lemuel_fruit_tree
Lair:5:   minmay_slime_entry_oklob_enclosed
Lair:6:   hangedman_lair_in_review, wormcave
Spider:2: nicolae_spider_corner
Spider:3: nicolae_spider_cling_ruins
Spider:4: grunt_spider_rune_circles, uniq_louise
Orc:2:    grunt_orc_community_town_hall, grunt_orc_community_big_house_1,
          grunt_orc_community_big_house_1, grunt_orc_community_house_1,
          grunt_orc_community_house_3, grunt_orc_community_house_3,
          grunt_orc_community_house_1
Abyss:3:  evilmike_abyss_exit_vortex
IceCv:    ice_cave_statue_garden_teleport

Skill      XL: |  1  2  3  4  5  6  7  8  9 10 11 12 13 14 15 16 17 |
---------------+----------------------------------------------------+-----
Dodging        | 3 4 5 6 7 9 11 12 14 | 14.2
Polearms       | 5 6 7 8 10 11 13 14 16 18 20 | 20.1
Fighting       | 4 5 6 8 9 11 12 13 14 16 | 16.0
Armour         | 1 3 5 6 8 10 | 10.0
Throwing       | 1 5 7 9 11 13 16 | 16.0

Action                   |  1- 3 |  4- 6 |  7- 9 | 10-12 | 13-15 | 16-18 || total
-------------------------+-------+-------+-------+-------+-------+-------++-------
Melee: Spear             |   126 |    44 |       |       |    29 |       ||   199
       Trident           |       |   126 |   424 |   377 |       |       ||   927
       Tailslap          |       |       |     1 |       |       |       ||     1
       Glaive            |       |       |       |   262 |  1049 |   503 ||  1814
       Bardiche          |       |       |       |       |       |    34 ||    34
 Fire: Blowgun           |       |       |       |    31 |       |       ||    31
Throw: Stone             |    77 |    69 |   164 |   288 |   239 |       ||   837
       Javelin           |       |       |       |    16 |    81 |    90 ||   187
       Tomahawk          |       |       |       |       |   600 |   482 ||  1082
Invok: Berserk           |       |       |       |     1 |     5 |     2 ||     8
       Trog's Hand       |       |       |       |     3 |    10 |     4 ||    17
       Burn Spellbooks   |       |       |       |     3 |     4 |       ||     7
       Brothers in Arms  |       |       |       |       |     3 |     1 ||     4
Evoke: Wand              |       |       |       |     8 |       |       ||     8
  Use: Scroll            |       |     2 |     3 |     9 |    17 |     8 ||    39
       Potion            |       |     1 |     1 |     1 |       |     2 ||     5
 Stab: Petrifying        |     1 |       |       |       |       |       ||     1
       Sleeping          |       |     3 |       |       |       |       ||     3
       Invisible         |       |       |       |     2 |       |     2 ||     4
  Eat: Chunk             |     1 |     5 |    12 |    18 |    54 |    13 ||   103
       Ration            |       |       |       |     2 |       |     4 ||     6
Armor: Leather armour    |    18 |    24 |    48 |       |     3 |       ||    93
       Ring mail         |       |       |     2 |    73 |   196 |       ||   271
       Chain mail        |       |       |       |       |    37 |   214 ||   251
Dodge: Dodged            |    47 |    58 |   207 |   288 |   767 |   275 ||  1642

Table legend:
 A = Spawn XP
 B = Non-spawn XP
 C = Spawn XP percentage of total XP
 D = Spawn monster count
 E = Non-spawn monster count
 F = Spawn count percentage of total count
 G = Total turns spent on level
                    A         B        C        D         E        F      G
               +---------+---------+-------+---------+---------+-------+---------
         Total |       0 |  227591 |   0.0 |       0 |    1033 |   0.0 | 34690
               +---------+---------+-------+---------+---------+-------+---------
           D:1 |       0 |      56 |   0.0 |       0 |      27 |   0.0 |   850
           D:2 |       0 |      52 |   0.0 |       0 |      20 |   0.0 |   610
           D:3 |       0 |     336 |   0.0 |       0 |      40 |   0.0 |  1275
           D:4 |       0 |     669 |   0.0 |       0 |      18 |   0.0 |  1326
           D:5 |       0 |    1281 |   0.0 |       0 |      34 |   0.0 |  1037
           D:6 |       0 |    1384 |   0.0 |       0 |      39 |   0.0 |  1287
           D:7 |       0 |     961 |   0.0 |       0 |      16 |   0.0 |   787
           D:8 |       0 |    4963 |   0.0 |       0 |      36 |   0.0 |  1353
           D:9 |       0 |   10281 |   0.0 |       0 |      43 |   0.0 |  1809
          D:10 |       0 |    6343 |   0.0 |       0 |      54 |   0.0 |  2070
          D:11 |       0 |    5657 |   0.0 |       0 |      32 |   0.0 |  1177
          D:12 |       0 |    6769 |   0.0 |       0 |      22 |   0.0 |   630
          D:13 |       0 |    5415 |   0.0 |       0 |      40 |   0.0 |   930
          D:14 |       0 |    9399 |   0.0 |       0 |      22 |   0.0 |   858
          D:15 |       0 |   22579 |   0.0 |       0 |      48 |   0.0 |  1266
        Lair:1 |       0 |    3831 |   0.0 |       0 |      20 |   0.0 |  1208
        Lair:2 |       0 |    4280 |   0.0 |       0 |      20 |   0.0 |  1064
        Lair:3 |       0 |    6935 |   0.0 |       0 |      28 |   0.0 |  1295
        Lair:4 |       0 |    4969 |   0.0 |       0 |      33 |   0.0 |  1063
        Lair:5 |       0 |    8508 |   0.0 |       0 |      30 |   0.0 |  1973
        Lair:6 |       0 |   32908 |   0.0 |       0 |      92 |   0.0 |  2624
      Spider:1 |       0 |   19028 |   0.0 |       0 |      53 |   0.0 |  1455
      Spider:2 |       0 |   18573 |   0.0 |       0 |      54 |   0.0 |  1436
      Spider:3 |       0 |    6534 |   0.0 |       0 |      19 |   0.0 |  1237
      Spider:4 |       0 |   31089 |   0.0 |       0 |      53 |   0.0 |  1554
         Orc:1 |       0 |    2263 |   0.0 |       0 |      23 |   0.0 |   514
         Orc:2 |       0 |    9319 |   0.0 |       0 |     105 |   0.0 |  1725
       Abyss:3 |       0 |     470 |   0.0 |       0 |       2 |   0.0 |   155
         IceCv |       0 |    2739 |   0.0 |       0 |      10 |   0.0 |   122
               +---------+---------+-------+---------+---------+-------+---------
